Map: [ESL] Tropical Sacrifice

Players

Vindicta

  • Race: Terran Terran
  • Spawn Location: 1:00

MeomaikA - Winner!

  • Race: Zerg Zerg
  • Spawn Location: 7:00

Event: DreamHack SC2 Masters 2022 Valencia

VOD

Have the link to the VOD?

Description

Time

  • Played on: July 2, 2022, 4:38 a.m.
  • Length: 66:50

All games in this series

Show
View Real Time Build Order
Export as new Build Order

Vindicta Terran 

Build Orders: Reaper Expand 

Get SALT Encoding   

  12  0:00  SCV  
  13  0:12  SCV  
  14  0:17  Supply Depot  
  14  0:24  SCV  
  15  0:39  SCV  
  15  0:41  Barracks  
  16  0:44  Refinery  
  16  0:51  SCV  
  17  1:03  SCV  
  18  1:15  SCV  
  19  1:27  Orbital Command  
  19  1:28  Reaper  
  20  1:44  Command Center  
  20  1:59  Supply Depot  
  20  2:00  Marine  
  21  2:05  SCV  
  22  2:09  Bunker  
  22  2:20  Factory, Marine  
  23  2:29  SCV  
  24  2:35  Refinery  
  24  2:43  Barracks Reactor  
  24  2:44  SCV  
  24  2:50  Barracks  
  25  2:56  SCV  
  27  3:01  Orbital Command  
  27  3:05  Factory Reactor  
  26  3:07  Factory Tech Lab  
  26  3:08  SCV  
  27  3:20  SCV  
  27  3:26  Barracks Reactor  
  28  3:27  SCV  
  28  3:32  SCV, Supply Depot  
  30  3:34  Hellion  
  30  3:35  Hellion  
  30  3:39  SCV  
  35  3:43  Marine, Stimpack  
  35  3:47  Starport  
  36  3:50  SCV  
  38  3:58  Hellion  
  38  4:01  Marine  
  38  4:02  SCV  
  40  4:03  Marine x2  
  40  4:04  Hellion  
  40  4:06  SCV  
  45  4:14  SCV  
  45  4:15  Supply Depot  
  46  4:22  Armory  
  47  4:25  SCV  
  47  4:26  SCV  
  49  4:33  Medivac  
  49  4:34  Marine, Factory Reactor  
  49  4:36  Medivac  
  54  4:38  SCV  
  54  4:40  Marine  
  54  4:42  Hellion  
  54  4:44  SCV  
  58  4:45  Marine  
  58  4:51  SCV, Supply Depot  
  60  4:53  Marine  
  60  4:56  SCV  
  62  5:13  SCV x2, Marine x2  
  67  5:16  Starport Reactor, Supply Depot, Widow Mine  
  67  5:18  Widow Mine  
  70  5:23  Combat Shield  
  70  5:31  Engineering Bay  
  70  5:32  Engineering Bay  
  70  5:38  Marine x3  
  70  5:40  Command Center  
  75  5:45  SCV  
  75  5:49  SCV  
  75  5:51  Factory, Supply Depot  
  75  5:55  Refinery, Marine  
  75  5:56  Refinery  
  77  5:58  SCV  
  77  6:01  SCV, Terran Infantry Weapons Level 1  
  77  6:03  Supply Depot  
  78  6:08  Terran Infantry Armor Level 1  
  78  6:12  SCV, Marine  
  78  6:13  Marine  
  78  6:15  Supply Depot  
  82  6:20  Widow Mine x2  
  82  6:22  SCV  
  82  6:25  SCV  
  87  6:26  Marine, Supply Depot  
  88  6:34  Marine  
  88  6:35  Marine  
  88  6:38  Supply Depot  
  90  6:45  SCV  
  82  6:49  SCV  
  82  6:51  Factory Tech Lab, Marine  
  82  6:52  Medivac x2  
  82  6:54  Barracks  
  87  6:55  Marine  
  82  7:02  SCV  
  82  7:04  Orbital Command  
  79  7:09  Siege Tank, Marine  
  79  7:10  Marine  
  79  7:11  Siege Tank  
  79  7:12  Marine  
  79  7:13  Marine  
  89  7:27  Marine  
  89  7:28  Marine  
  95  7:31  Barracks x2, Marine x2  
  95  7:32  Orbital Command  
  91  7:41  Siege Tank  
  87  7:44  SCV x2  
  87  7:45  Medivac, Marine  
  87  7:49  Marine  
  95  7:56  SCV  
  95  7:58  Terran Infantry Weapons Level 2, Barracks Reactor  
  92  8:00  Marine x2  
  92  8:01  SCV  
  92  8:02  SCV  
  92  8:03  Terran Infantry Armor Level 2  
  95  8:07  Marine  
  95  8:09  SCV  
  95  8:12  Bunker  
  97  8:14  SCV x2  
  97  8:15  Siege Tank, Supply Depot  
  97  8:16  Supply Depot  
  97  8:18  Marine x2  
  103  8:21  SCV, Barracks Reactor  
  103  8:25  Marine  
  103  8:26  Barracks Reactor  
  106  8:27  SCV  
  106  8:28  SCV  
  106  8:33  Marine  
  106  8:34  Refinery  
  108  8:37  Siege Tank  
  108  8:38  SCV  
  108  8:39  SCV  
  108  8:40  Supply Depot  
  113  8:42  Marine x2  
  113  8:43  Marine x2  
  113  8:46  Bunker, SCV  
  119  8:51  SCV x2, Marine  
  119  8:52  Supply Depot  
  119  8:54  Siege Tank  
  124  8:56  Marine  
  124  8:58  Marine  
  124  8:59  Marine  
  118  9:04  Marine x2  
  118  9:07  SCV, Marine  
  118  9:08  Marine x3  
  118  9:09  Marine  
  126  9:11  SCV  
  126  9:14  Marine  
  122  9:23  Marine x2  
  122  9:27  Marine  
  121  9:33  Marine  
  121  9:34  SCV, Marine  
  121  9:36  Command Center  
  82  9:38  Medivac  
  111  9:40  Marine  
  111  9:42  SCV  
  101  9:52  Siege Tank  
  102  9:53  Marine, Widow Mine  
  102  9:54  Marine  
  102  9:56  Marine  
  102  9:58  Marine  
  108  10:00  Marine  
  108  10:02  Marine  
  108  10:04  Marine  
  108  10:05  Marine  
  112  10:07  Marine  
  112  10:12  Marine  
  112  10:13  Marine  
  116  10:15  Marine  
  116  10:23  Marine  
  116  10:24  Marine x2  
  116  10:25  Siege Tank  
Show
View Real Time Build Order
Export as new Build Order

MeomaikA Zerg - Winner!

Build Orders: Pool First 

Get SALT Encoding   

  12  0:00  Drone  
  13  0:08  Drone  
  14  0:17  Overlord  
  14  0:24  Drone, Extractor  
  15  0:35  Drone x2  
  17  0:44  Spawning Pool  
  17  0:48  Drone  
  17  1:10  Hatchery  
  17  1:11  Drone  
  17  1:13  Extractor  
  17  1:16  Drone  
  17  1:20  Drone  
  18  1:31  Zergling x2  
  19  1:35  Roach Warren  
  18  1:44  Queen  
  20  1:49  Drone  
  20  1:53  Drone  
  23  2:04  Overlord  
  23  2:18  Metabolic Boost  
  23  2:21  Queen  
  23  2:22  Drone x2  
  27  2:23  Drone  
  28  2:31  Queen  
  28  2:36  Drone  
  31  2:38  Drone  
  31  2:42  Drone  
  33  2:44  Drone  
  34  2:59  Spore Crawler  
  34  3:05  Hatchery  
  32  3:06  Drone  
  32  3:08  Drone  
  32  3:09  Drone  
  36  3:14  Overlord  
  36  3:26  Baneling Nest  
  35  3:27  Evolution Chamber  
  35  3:28  Drone x2  
  37  3:34  Drone x2  
  37  3:36  Drone  
  37  3:37  Drone  
  37  3:40  Drone  
  41  3:42  Drone  
  41  3:45  Drone  
  41  3:46  Drone  
  44  3:50  Overlord  
  44  3:56  Zerg Ground Armor Level 1  
  44  4:03  Overlord  
  44  4:05  Extractor  
  44  4:06  Drone  
  44  4:09  Drone x3  
  47  4:11  Drone x2  
  47  4:14  Drone  
  50  4:17  Drone x2  
  50  4:22  Drone  
  53  4:26  Drone, Lair  
  53  4:29  Drone  
  55  4:31  Drone  
  55  4:35  Spore Crawler  
  55  4:36  Spore Crawler  
  55  4:37  Spore Crawler, Drone  
  54  4:39  Drone  
  54  4:40  Drone  
  54  4:41  Drone  
  54  4:44  Drone  
  58  4:46  Drone x2  
  58  4:48  Zergling x2  
  58  4:50  Drone x2  
  58  4:52  Drone  
  64  4:57  Overlord, Zergling x4  
  66  5:00  Overlord  
  66  5:04  Extractor  
  66  5:05  Zergling x2  
  66  5:10  Overlord  
  66  5:15  Extractor  
  66  5:18  Drone x4  
  66  5:19  Drone  
  66  5:20  Queen x2  
  74  5:21  Zergling x4  
  74  5:23  Zergling x2  
  74  5:24  Zergling x2  
  74  5:28  Hydralisk Den  
  77  5:29  Zergling x4  
  77  5:31  Zergling x4  
  77  5:32  Zergling x2  
  82  5:42  Baneling x5  
  82  5:43  Overlord, Baneling x2  
  82  5:44  Overlord x2  
  82  5:52  Zerg Ground Armor Level 2  
  82  6:02  Drone x2  
  84  6:04  Drone x2  
  84  6:06  Muscular Augments  
  84  6:09  Drone x3  
  84  6:11  Drone  
  90  6:13  Hatchery  
  90  6:16  Queen  
  91  6:19  Hydralisk x2  
  91  6:22  Hydralisk  
  91  6:23  Hydralisk  
  99  6:30  Hydralisk x2  
  99  6:32  Drone x3  
  104  6:44  Zergling x4  
  104  6:46  Zergling x4  
  104  6:47  Zergling x4  
  103  6:49  Zergling x4  
  103  6:50  Zergling x8  
  105  6:57  Zergling x2  
  105  7:00  Zergling x2  
  105  7:01  Zergling x2  
  105  7:02  Zergling x2  
  105  7:06  Overlord  
  105  7:07  Overseer  
  105  7:08  Overlord  
  106  7:10  Overlord x2  
  106  7:14  Overlord  
  106  7:16  Centrifugal Hooks  
  106  7:17  Grooved Spines, Overlord  
  106  7:23  Queen, Overlord  
  106  7:25  Drone x2  
  110  7:30  Hydralisk x3  
  110  7:33  Baneling x5  
  110  7:36  Hydralisk  
  114  7:41  Zergling x6, Hydralisk  
  114  7:42  Hydralisk x4  
  126  7:45  Extractor, Drone  
  126  7:48  Drone  
  127  7:51  Zergling x6  
  127  7:52  Drone  
  127  7:56  Zergling x2  
  132  7:59  Drone x2, Zergling x2  
  132  8:04  Hydralisk x2  
  132  8:05  Hatchery  
  138  8:06  Zergling x2  
  138  8:08  Zerg Melee Weapons Level 1  
  138  8:10  Zergling x2  
  140  8:13  Extractor  
  140  8:14  Zergling x4  
  140  8:16  Zergling x2  
  140  8:17  Baneling x8  
  140  8:19  Zergling x8  
  146  8:20  Zergling x6  
  146  8:21  Zergling x4  
  146  8:22  Zergling x2  
  146  8:26  Overlord, Zergling x4  
  154  8:27  Zergling x2  
  154  8:28  Zergling x2  
  154  8:29  Zergling x2  
  157  8:34  Zergling x2  
  157  8:36  Zergling x2  
  157  8:37  Zergling x2  
  157  8:39  Zergling x2  
  161  8:45  Baneling  
  161  8:46  Baneling x15, Zergling x4  
  161  8:47  Zergling x2  
  161  8:48  Zergling x2  
  165  8:53  Zergling x6  
  165  8:54  Zergling x4  
  168  8:56  Zergling x6  
  168  8:59  Zergling x2  
  157  9:04  Zergling x2  
  157  9:05  Zergling x2  
  157  9:06  Zergling x2  
  157  9:07  Zergling x2  
  157  9:08  Zergling x2  
  156  9:10  Zergling x2  
  156  9:14  Zergling x6  
  158  9:17  Zergling x6  
  158  9:18  Zergling x2  
  158  9:19  Zergling x2  
  158  9:21  Zergling x4  
  158  9:23  Zergling x2  
  166  9:25  Zergling x4  
  166  9:29  Zergling x4  
  170  9:33  Infestation Pit, Zergling x2  
  170  9:34  Zergling x2  
  170  9:40  Zergling x4  
  170  9:41  Queen, Zergling x6  
  170  9:42  Zergling x6  
  170  9:43  Zergling x2  
  170  9:45  Zergling x2  
  173  9:52  Baneling x40  
  168  9:53  Zergling x2  
  168  9:54  Zergling x2  
  168  9:56  Zergling x2  
  168  9:57  Zergling x2  
  168  9:58  Zergling x2  
  168  9:59  Zergling x2  
  174  10:03  Zerg Melee Weapons Level 2  
  174  10:08  Overlord  
  174  10:20  Zergling x4  
  174  10:21  Zergling x2  
  173  10:23  Zergling x4  
  173  10:24  Zergling x8  
  173  10:25  Zergling x2  

Tags
 
Add a new tag
Caveats
  • Supply blocks, unpowered buildings, or Contaminate may cause inaccurate times.
  • Supply counts are checked every 10 seconds.